 Dungeon Crawl Stone Soup version 0.29.1-12-g30fa7ad0bf (webtiles) character file.

Game seed: 15196650364358275735

2661 hawla the Arsonist (level 10, 0/74 HPs)
             Began as a Meteoran Fire Elementalist on Jan 9, 2023.
             Slain by a killer bee (8 damage)
             ... on level 7 of the Dungeon.
             The game lasted 00:15:58 (2893 turns).

hawla the Arsonist (Meteoran Fire Elementalist)     Turns: 2893, Time: 00:15:58

Health: 0/74       AC:  3    Str: 10    XL:     10   Next: 15%
Magic:  15/23      EV: 14    Int: 21    God:
Gold:   224        SH:  0    Dex: 15    Spells: 18/25 levels left

rFire   . . .      SeeInvis .   p - +1 short sword (distort)
rCold   . . .      Faith    .   (no shield)
rNeg    . . .      Spirit   .   a - +0 robe
rPois   .          Reflect  .   (no helmet)
rElec   .          Harm     .   (no cloak)
rCorr   .          Rampage  .   b - +0 pair of gloves
Will    +....                   (no boots)
Stlth   +.........              (no amulet)
HPRegen 0.22/turn               (no ring)
MPRegen 0.18/turn               (no ring)

@: lethally poisoned (0 -> -4), glowing
A: sense surroundings 2, otherworldly, glowing, explore regen
a: no special abilities


You were on level 7 of the Dungeon.
You visited 2 branches of the dungeon, and saw 8 of its levels.
You also visited: Sewer.

You collected 224 gold pieces.

Inventory:

Hand Weapons
 p - a +1 short sword of distortion (weapon)
Armour
 a - a +0 robe (worn)
 b - a +0 pair of gloves (worn)
Wands
 i - a wand of polymorph (10)
 n - a wand of mindburst (11) (quivered)
Scrolls
 c - 3 scrolls of teleportation
 d - a scroll of enchant weapon
 h - 3 scrolls of identify
 l - a scroll of fog
 m - 4 scrolls of silence
 q - a scroll of blinking
 r - a scroll of noise {unknown}
Potions
 e - 3 potions of heal wounds
 f - 4 potions of brilliance
 g - 2 potions of curing
 j - 3 potions of attraction {unknown}
 k - 3 potions of lignification {unknown}
 o - a potion of cancellation {unknown}


   Skills:
 + Level 2.5 Fighting
 * Level 5.0 Short Blades
 + Level 4.4 Dodging
 - Level 1.4 Stealth
 - Level 8.4 Spellcasting
 - Level 6.6 Conjurations
 - Level 9.0 Fire Magic
 - Level 2.0 Evocations


You had 18 spell levels left.
You knew the following spells:

 Your Spells              Type           Power      Damage    Failure   Level
a - Foxfire               Conj/Fire      100%       2x1d9     1%          1
b - Scorch                Fire           92%        2d10      1%          2
c - Flame Wave            Conj/Fire      41%        2d11      3%          4

Your spell library contained the following spells:

 Spells                   Type           Power      Damage    Failure   Level
 Conjure Flame            Conj/Fire      41%        6-21      1%          3
 Inner Flame              Hex/Fire       27%        N/A       3%          3


Dungeon Overview and Level Annotations

Branches:
Dungeon (7/15) Zot: 1702   Temple (1/1) D:5 Zot: 459   Sewer (visited)

Altars:
Ashenzari
Cheibriados
Dithmenos
Hepliaklqana
Kikubaaqudgha
Nemelex Xobeh
Okawaru
Qazlal
Sif Muna
Trog
Uskayaw
Wu Jian
Yredelemnul
Zin
The Shining One


Innate Abilities, Weirdness & Mutations

You passively map the area around you.
You are easily found by Zot.
You glow in the dark.
You regain HP and MP as you explore.


Message History

The killer bee stings you.
A wave of flame ripples out!
The flame wave engulfs the killer bee.
The killer bee is moderately wounded.
The flame wave engulfs the killer bee!
The killer bee is severely wounded.
The killer bee barely misses you.
The electric eel shoots out a bolt of lightning at you!
The bolt of electricity hits you! The killer bee stings you.
The killer bee closely misses you.
A wave of flame ripples out!
The flame wave engulfs the killer bee!
The killer bee is almost dead.
The flame wave engulfs the killer bee!
You kill the killer bee!
The flame wave engulfs the killer bee!
You kill the killer bee!
The flame wave engulfs the killer bee!
The killer bee is moderately wounded.
The flame wave engulfs the killer bee!!
You kill the killer bee!
You finish channelling waves of flame.
You hear a shout!
The killer bee stings you. The killer bee stings you!
The killer bee stings you.
You are poisoned.
The killer bee poisons you!
Casting: Flame Wave (dangerous; 3% risk of failure)
Confirm with . or Enter, or press ? or * to list all spells.
Flames lash the killer bee.
You kill the killer bee!
You feel very sick. The killer bee closely misses you.
The electric eel shoots out a bolt of lightning at you!
The bolt of electricity hits you!
* * * LOW HITPOINT WARNING * * *
The killer bee barely misses you.
Your Short Blades skill increases to level 5!
You feel sick. The killer bee stings you.
* * * LOW HITPOINT WARNING * * *
You feel sick. The killer bee stings you!
You die...

** #~8~=~8~.S8~
#####.~...~...
#......§§...~., ,
* #...§..~8~.~8~ *
* #.....§§~...~. *
, *
#...§.<†..~...~ ,
* , *
#......†.~8~.~ ~ ,
* #####y###†§... *
, , #...@.......,
, * , ..
......#.######## ,
, ,,.......###.# *
** ##.###
#...####### *
≈#.#≈# ###........
,, , ..#
≈#.#≈≈###..##.####
** *, , ..#
≈#.#≈≈≈#......##~
~ * ..#
≈#.#####......#≈≈
, , ..#
≈#............##≈
*


You could see a killer bee.

Vanquished Creatures
  Grinder (D:5)
  A steam dragon (D:7)
  3 water moccasins
  A sky beast (D:6)
  An ice beast (D:6)
  2 centaurs
  3 phantoms
  2 kobold brigands (D:6)
  4 bullfrogs
  A necrophage (D:7)
  2 scorpions
  4 killer bees (D:7)
  An electric eel (D:6)
  A howler monkey (D:4)
  2 jellies
  A gnoll bouda (D:6)
  2 hounds
  3 iguanas
  2 orc wizards
  7 gnolls
  12 adders
  6 river rats
  A white imp (D:5)
  A worm (D:4)
  3 dart slugs
  16 orcs
  18 ball pythons
  6 endoplasms
  A giant cockroach (D:1)
  3 goblins
  A hobgoblin (D:2)
  2 quokkas (D:4)
  6 bats
  10 frilled lizards
  28 kobolds
  28 rats
186 creatures vanquished.

Vanquished Creatures (others)
  305 foxfires
  14 plants (D:6)
319 creatures vanquished.

Grand Total: 505 creatures vanquished

Notes
Turn   | Place    | Note
-------+----------+-------------------------------------------
     0 | D:1      | hawla the Meteoran Fire Elementalist began the quest for
                  | the Orb.
     0 | D:1      | Reached XP level 1. HP: 14/14 MP: 5/5
    49 | D:1      | Reached skill level 4 in Fire Magic
    49 | D:1      | Reached XP level 2. HP: 20/20 MP: 1/6
    52 | D:1      | Learned a level 2 spell: Scorch
    74 | D:1      | Found a faded altar of an unknown god.
   136 | D:1      | Reached XP level 3. HP: 21/26 MP: 0/8
   292 | D:2      | Reached XP level 4. HP: 33/33 MP: 3/9
   300 | D:2      | Learned a level 4 spell: Flame Wave
   382 | D:4      | Reached XP level 5. HP: 30/38 MP: 3/10
   447 | D:4      | Reached skill level 1 in Fighting
   447 | D:4      | Reached XP level 6. HP: 47/47 MP: 5/11
   505 | D:4      | Found a glowing drain.
   529 | Sewer    | Entered a sewer
   556 | Sewer    | Reached skill level 5 in Conjurations
   581 | Sewer    | Reached skill level 5 in Fire Magic
   705 | Sewer    | Reached XP level 7. HP: 46/52 MP: 6/14
  1389 | D:5      | Entered Level 5 of the Dungeon
  1412 | D:5      | Reached skill level 5 in Spellcasting
  1461 | D:5      | Reached skill level 6 in Fire Magic
  1461 | D:5      | Reached XP level 8. HP: 36/60 MP: 7/17
  1498 | D:5      | Noticed Grinder
  1504 | D:5      | Killed Grinder
  1515 | D:5      | Reached skill level 7 in Fire Magic
  1778 | D:5      | Found a staircase to the Ecumenical Temple.
  1787 | Temple   | Entered the Ecumenical Temple
  1968 | D:5      | Gained mutation: You passively map the area around you.
                  | [Meteoran growth]
  1968 | D:5      | Reached XP level 9. HP: 67/67 MP: 9/20
  2090 | D:6      | Reached skill level 8 in Fire Magic
  2407 | D:6      | Reached skill level 9 in Fire Magic
  2714 | D:6      | Reached skill level 1 in Short Blades
  2858 | D:7      | Reached XP level 10. HP: 34/74 MP: 11/23
  2892 | D:7      | Reached skill level 5 in Short Blades
  2893 | D:7      | Slain by a killer bee

Illustrated notes

Levels and vault maps discovered:
D:1:      ncdulo_wetmaze, layout_basic, ebering_ecumenical_altar_box
D:2:      layout_rooms, serial_shops, shop_fountains, minmay_misc_feat_ornament
D:3:      layout_basic, nicolae_overflow_ecumenical_swirl, lemuel_tele_altar,
          mainiacjoe_overflow_catwalk, serial_park_tiny_1
D:4:      layout_cave_pods, portal_sewer_entry_b
D:5:      layout_loops_ring, minmay_temple_entry_enclosed_plants, uniq_grinder
D:6:      kennysheep_kobold_camp, layout_cave_pools, minivault_4,
          nrook_mini_vaults
D:7:      layout_rooms, serial_aquarium, aquarium_bridge_square
          [aquarium_subvault_bridge, aquarium_subvault_wall,
          aquarium_subvault_wall, aquarium_subvault_bridge],
          aquarium_bridge_straight [aquarium_subvault_bridge,
          aquarium_subvault_balcony, aquarium_subvault_bridge,
          aquarium_subvault_balcony], aquarium_window_2, aquarium_window_fake,
          aquarium_window_corner, aquarium_window_fake, aquarium_view_2e,
          kennysheep_doodads
Temple:   regret_index_temple_waves

Skill      XL: |  1  2  3  4  5  6  7  8  9 10 |
---------------+-------------------------------+-----
Fire Magic     | 4 5 6 7 9 |  9.0
Spellcasting   | 3 4 5 7 8 |  8.4
Conjurations   | 3 4 5 6 |  6.6
Fighting       | 1 2 |  2.5
Dodging        | 3 4 |  4.4
Evocations     | 2 |  2.0
Short Blades   | 4 5 |  5.0
Stealth        | |  1.4

Action                   |  1- 3 |  4- 6 |  7- 9 | 10-12 || total
-------------------------+-------+-------+-------+-------++-------
Melee: Unarmed           |    10 |    10 |    19 |       ||    39
       Short sword       |       |       |     5 |       ||     5
 Cast: Foxfire           |    36 |    60 |    88 |       ||   184
       Scorch            |     3 |    15 |    54 |     2 ||    74
       Flame Wave        |       |     1 |     9 |     1 ||    11
  Use: Scroll            |       |     5 |     9 |       ||    14
       Potion            |       |     1 |     2 |       ||     3
Armor: Robe              |    10 |    13 |    15 |       ||    38
Dodge: Dodged            |    15 |    24 |    42 |     5 ||    86
